 Dungeon Crawl Stone Soup version 0.28-a0-265-g048bc9fd10 (webtiles) character file.

Game seed: 11009297845434824755

987 Mesmaeker13 the Magician (level 7, -6/36 HPs)
             Began as a Deep Elf Summoner on Aug 27, 2021.
             Killed by an exploding necrophage (25 damage)
             ... ignited by their inner flame
             ... on level 6 of the Dungeon.
             The game lasted 00:11:14 (6243 turns).

Mesmaeker13 the Magician (Deep Elf Summoner)        Turns: 6243, Time: 00:11:15

Health: -6/36      AC:  2    Str:  6    XL:     7   Next: 97%
Magic:  27/28      EV: 15    Int: 21    God:
Gold:   248        SH:  0    Dex: 15    Spells: 9/19 levels left

rFire   . . .      SeeInvis .   k - +1 short sword (elec)
rCold   . . .      Faith    .   (no shield)
rNeg    . . .      Spirit   .   a - +0 robe
rPois   .          Reflect  .   (no helmet)
rElec   .          Harm     .   l - scarf {repulsion}
rCorr   .          Rampage  .   (no gloves)
Will    +....                   (no boots)
Stlth   ++........              (no amulet)
HPRegen 0.12/turn               b - ring of magical power
MPRegen 0.21/turn               o - ring of willpower

@: repel missiles
A: no striking features
a: no special abilities


You were on level 6 of the Dungeon.
You visited 1 branch of the dungeon, and saw 6 of its levels.

You collected 248 gold pieces.

Inventory:

Hand Weapons
 g - a +1 dagger of electrocution
 k - a +1 short sword of electrocution (weapon)
Armour
 a - a +0 robe (worn)
 l - a scarf of repulsion (worn)
 A - a +0 buckler
Magical Staves
 c - a staff of air
Jewellery
 b - a ring of magical power (left hand)
 o - a ring of willpower (right hand)
 u - a ring of the Octopus King {rC+ AC+1 EV+1 Str+1 Int+1 Dex+1}
   (You found it on level 5 of the Dungeon)

   [ring of protection from cold]

   AC:        It affects your AC (+1).
   EV:        It affects your evasion (+1).
   Str:       It affects your strength (+1).
   Int:       It affects your intelligence (+1).
   Dex:       It affects your dexterity (+1).
   rC:        It protects you from cold.
 v - the amulet "Meucuewu" {Reflect -Tele Fly rF+++ SH+5 SInv}
   (You acquired it on level 6 of the Dungeon)

   [amulet of reflection]

   It reflects blocked missile attacks.
   rF:        It renders you almost immune to fire.
   SInv:      It lets you see invisible.
   Fly:       It grants you flight.
   -Tele:     It prevents most forms of teleportation.
   SH:        It affects your SH (+5).
Wands
 y - a wand of iceblast (11)
 C - a wand of mindburst (14)
Scrolls
 d - a scroll of fear
 f - a scroll of vulnerability
 h - a scroll of teleportation {unknown}
 t - a scroll of magic mapping {unknown}
Potions
 j - a potion of attraction {unknown}
 m - 4 potions of might
 n - 2 potions of heal wounds
 r - 2 potions of curing {unknown}
 s - 3 potions of cancellation {unknown}
 w - a potion of brilliance {unknown}
 x - a potion of ambrosia {unknown}
 z - 2 potions of degeneration {unknown}
 B - a potion of resistance {unknown}


   Skills:
 + Level 6.1 Dodging
 - Level 2.4 Stealth
 + Level 6.9 Spellcasting
 + Level 6.9 Summonings
 + Level 3.5 Air Magic


You had 9 spell levels left.
You knew the following spells:

 Your Spells              Type           Power      Damage    Failure   Level
a - Summon Small Mammal   Summ           100%       N/A       1%          1
b - Call Imp              Summ           36%        N/A       1%          2
c - Call Canine Familiar  Summ           36%        N/A       1%          3
d - Summon Lightning Spi  Summ/Air       29%        N/A       11%         4

Your spell library contained the following spells:

 Spells                   Type           Power      Damage    Failure   Level
 Corpse Rot               Necr/Air       N/A        N/A       6%          2
 Poisonous Vapours        Pois/Air       28%        N/A       6%          2
 Summon Guardian Golem    Hex/Summ       21%        N/A       6%          3
 Corona                   Hex            7%         N/A       9%          1
 Ensorcelled Hibernation  Hex/Ice        14%        N/A       14%         2
 Conjure Flame            Conj/Fire      7%         6-21      26%         3
 Ignite Poison            Fire/Tmut/Pois 7%         N/A       26%         3
 Inner Flame              Hex/Fire       7%         N/A       26%         3
 Spider Form              Tmut/Pois      3%         N/A       26%         3
 Tukima's Dance           Hex            7%         N/A       26%         3
 Shadow Creatures         Summ           N/A        N/A       61%         6
 Cause Fear               Hex            3%         N/A       65%         4
 Sticky Flame             Conj/Fire      7%         2d3       65%         4
 Freezing Cloud           Conj/Ice/Air   6%         6-21      83%         5
 Orb of Destruction       Conj           3%         9d1       100%        7
 Spellforged Servitor     Conj/Summ      10%        N/A       100%        7
 Discord                  Hex            3%         N/A       100%        8


Dungeon Overview and Level Annotations

Branches:
Dungeon (6/15)
 Temple: D:4-7

Altars:

Annotations:
D:3 3 runed translucent doors, sn0wgr3's ghost, amateur MiFi
D:6 Pikel


Message History

Your hound dies!
Your hound's corpse disappears in a puff of smoke!
Pikel gives up.
As you read the scroll labelled LIOFFEZ EHAF, it crumbles to dust.
Wisps of shadow whirl around you...
It was a scroll of summoning.
The lemure hits you.
Cornered, Pikel turns to fight!
You swap places.
The lemure closely misses your orc.
Pikel hits your orc with a +2 whip of flaming!
Pikel burns your orc.
Your orc dies!
Your orc's corpse dissolves into shadows!
Your necrophage hits Pikel.
As you read the scroll labelled WAIZ SEIRU, it crumbles to dust.
It is a scroll of enchant weapon.
Your +0 short sword of venom glows red for a moment.
Pikel hits your necrophage with a +2 whip of flaming!
Pikel burns your necrophage.
Your necrophage barely misses Pikel.
As you read the scroll labelled ARAXEI ZAGGAE, it crumbles to dust.
It is a scroll of brand weapon.
Your +1 short sword of venom crackles with electricity.
k - a +1 short sword of electrocution (weapon)
The lemure hits you.
Pikel hits your necrophage with a +2 whip of flaming.
Pikel burns your necrophage.
Your necrophage hits Pikel.
Unknown command.
As you read the scroll labelled ENTOAC ETHADI, it crumbles to dust.
The creatures around you are filled with an inner flame!
It was a scroll of immolation.
The lemure hits you but does no damage.
Pikel hits your necrophage with a +2 whip of flaming!
Pikel burns your necrophage.
Your necrophage's corpse dissolves into shadows!
Your necrophage explodes!
The fiery explosion engulfs the lemure!!
Flame seeps out of the lemure.
The lemure is almost dead.
The fiery explosion engulfs Pikel!!
Flame seeps out of Pikel.
Pikel is severely wounded.
The fiery explosion engulfs you!!
Ouch! That really hurt!
You die...

#.##.#
#.##.#
#.##.##
#.##..#
#.###.#
#.# #.#
#)# #.#
### #h#
#.## #####
##@# #.#
#..# #....
#ยง5###.#
##.###.###
#K#5.O.#
#.##.....
#5#>####
#.....###
....#
##.######
....##
##.#####.
#....
#..>.))..
#....
########.
##### #.


You could see Pikel (inner flame) and 3 lemures.

Vanquished Creatures
  A hound (D:5)
  2 orc wizards (D:6)
  An adder (D:5)
  A bat (D:2)
  4 endoplasms
  A giant cockroach (D:3)
  6 goblins
  A hobgoblin (D:2)
  2 ball pythons (D:2)
  4 frilled lizards
  6 rats
29 creatures vanquished.

Vanquished Creatures (collateral kills)
  Prince Ribbit (D:6)
  Menkaure (D:5)
  Edmund (D:5)
  2 black bears (D:5)
  2 necrophages (D:5)
  3 ogres
  A phantom (D:4)
  A gnoll sergeant (D:6)
  A wyvern zombie (D:5)
  3 scorpions (D:5)
  4 wights (D:5)
  A hound (D:5)
  4 gnolls
  3 adders
  2 worms
  A dart slug (D:3)
  3 orcs
  5 ball pythons
  A bat (D:1)
  7 endoplasms
  4 giant cockroaches
  7 goblins
  4 hobgoblins
  6 kobolds
  2 quokkas (D:2)
  3 frilled lizards
73 creatures vanquished.

Grand Total: 102 creatures vanquished

Notes
Turn   | Place    | Note
-------+----------+-------------------------------------------
     0 | D:1      | Mesmaeker13 the Deep Elf Summoner began the quest for the
                  | Orb.
     0 | D:1      | Reached XP level 1. HP: 10/10 MP: 6/6
   346 | D:1      | Found a faded altar of an unknown god.
   522 | D:1      | Reached XP level 2. HP: 14/15 MP: 5/8
  1117 | D:1      | Learned a level 2 spell: Call Imp
  1464 | D:2      | Reached XP level 3. HP: 19/19 MP: 10/10
  2438 | D:3      | Learned a level 3 spell: Call Canine Familiar
  2583 | D:3      | Found a runed translucent gate.
  2583 | D:3      | Found a runed translucent gate.
  2583 | D:3      | Noticed sn0wgr3's ghost (amateur MiFi)
  2584 | D:3      | Found a runed translucent gate.
  2586 | D:3      | Noticed a kobold brigand
  2619 | D:3      | Reached skill level 5 in Summonings
  3332 | D:3      | Reached XP level 4. HP: 24/24 MP: 12/12
  3833 | D:4      | Noticed an ogre
  3854 | D:4      | Killed an ogre
  3975 | D:4      | Noticed a phantom
  4040 | D:4      | Killed a phantom
  4041 | D:4      | Reached XP level 5. HP: 28/28 MP: 8/14
  4249 | D:5      | Entered Level 5 of the Dungeon
  4259 | D:5      | Noticed Edmund
  4305 | D:4      | Learned a level 4 spell: Summon Lightning Spire
  4340 | D:5      | Found the ring of the Octopus King
  4356 | D:5      | Reached skill level 5 in Spellcasting
  4360 | D:5      | Identified a ring of the Octopus King {rC+ AC+1 EV+1 Str+1
                  | Int+1 Dex+1}
  4447 | D:5      | Killed Edmund
  4448 | D:5      | Reached skill level 1 in Air Magic
  4545 | D:5      | Noticed a necrophage
  4552 | D:5      | Killed a necrophage
  4553 | D:5      | Reached XP level 6. HP: 32/32 MP: 16/16
  4559 | D:5      | Noticed Menkaure
  4567 | D:5      | Killed Menkaure
  4609 | D:5      | Reached skill level 5 in Dodging
  4769 | D:5      | Reached XP level 7. HP: 36/36 MP: 18/18
  5697 | D:6      | Identified a scroll of acquirement
  5698 | D:6      | Acquired the amulet "Meucuewu" {Reflect -Tele Fly rF+++
                  | SH+5 SInv}
  5712 | D:6      | Noticed Prince Ribbit
  5722 | D:6      | Killed Prince Ribbit
  5946 | D:6      | Noticed a two-headed ogre
  6228 | D:6      | Noticed Pikel
  6243 | D:6      | Killed by an exploding necrophage... ignited by their inner
                  | flame

Illustrated notes

Levels and vault maps discovered:
D:1:      amcnicky_arrival_feature_with_door, layout_loops_ring,
          ebering_ecumenical_altar_rust, serial_rivers,
          chequers_serial_rivers_micro_a, chequers_serial_rivers_room_b,
          chequers_serial_rivers_micro_d, chequers_serial_rivers_marsh,
          minmay_tetromino_s4
D:2:      layout_loops_cross
D:3:      minmay_chambers_of_twos, layout_loops_ring,
          gammafunk_ghost_nasty_kobolds
D:4:      layout_rooms, glass_columns_b
D:5:      layout_basic, uniq_menkaure, uniq_edmund
D:6:      layout_rooms, uniq_prince_ribbit1, uniq_pikel

Skill      XL: |  1  2  3  4  5  6  7 |
---------------+----------------------+-----
Dodging        | 3 4 5 6 |  6.1
Spellcasting   | 4 5 6 |  6.9
Summonings     | 5 6 |  6.9
Air Magic      | 1 2 3 |  3.5
Stealth        | |  2.4

Action                   |  1- 3 |  4- 6 |  7- 9 || total
-------------------------+-------+-------+-------++-------
Melee: Dagger            |    19 |       |       ||    19
       Short sword       |    33 |    15 |    17 ||    65
 Cast: Summon Small Mamm |    35 |       |       ||    35
       Call Imp          |    27 |    40 |    13 ||    80
       Call Canine Famil |     5 |    11 |    13 ||    29
       Summon Lightning  |       |     1 |    10 ||    11
Evoke: Wand              |       |       |     1 ||     1
  Use: Scroll            |       |     4 |     7 ||    11
 Stab: Sleeping          |     3 |     1 |       ||     4
       Distracted        |     1 |       |       ||     1
Armor: Robe              |     4 |     1 |     4 ||     9
Dodge: Dodged            |    51 |     9 |    15 ||    75
       Repelled          |     2 |       |       ||     2
Block: Other             |       |       |     4 ||     4

Table legend: (Time is in decaauts)
 A = Elapsed time spent in this place.
 B = Non-inter-level travel time spent in this place.
 C = Inter-level travel time spent in this place.
 D = Time resting spent in this place.
 E = Time spent auto-exploring this place.
 F = Levels seen in this place.
 G = Mean time per level.
                   A        B        C        D        E       F      G
               +--------+--------+--------+--------+--------+-----+--------+
         Total |   6255 |   6033 |    222 |   1291 |   3301 |   6 | 1042.5 |
       Dungeon |   6255 |   6033 |    222 |   1291 |   3301 |   6 | 1042.5 |
               +--------+--------+--------+--------+--------+-----+--------+

Top non-repeatable levels by time:
     D:5: 1640 daAuts
     D:2: 1258 daAuts
     D:3: 1157 daAuts
     D:1: 1123 daAuts
     D:4: 745 daAuts
     D:6: 330 daAuts
